 Dungeon Crawl Stone Soup version 0.32-a0-540-g866d13106e (webtiles) character file.

Game seed: 16454819190979258111

6741 ytrimaz the Cleaver (level 11, -8/75 HPs)
             Began as a Coglin Berserker on Feb 29, 2024.
             Was a High Priest of Trog.
             Mangled by a ten-headed hydra (9 damage)
             ... on level 8 of the Dungeon.
             The game lasted 00:10:39 (9088 turns).

ytrimaz the Cleaver (Coglin Berserker)              Turns: 9088, Time: 00:10:39

Health: -8/75      AC: 16    Str: 23    XL:     11   Next: 4%
Magic:  11/11      EV:  8    Int:  6    God:    Trog [*****.]
Gold:   646        SH:  0    Dex: 13    Spells: 10/10 levels left

rFire   . . .        s - +13 consecrated labrys {holy, Valiant ^Fragile Fly SInv}
rCold   . . .        w - +0 war axe (freeze) {Agustín}
rNeg    . . .        x - +0 plate armour
rPois   .            (no helmet)
rElec   .            (no cloak)
rCorr   .            (no gloves)
SInv    +            k - +0 pair of boots
Will    .....        (no amulet) Stlth
                     (ring unavailable)
HPRegen 0.32/turn    (ring unavailable)
MPRegen 0.12/turn

%: no passive effects
@: flying, studying Axes, invisible
A: off-hand wielding, slow wielding, warmup strikes, no rings
a: Renounce Religion, Berserk, Trog's Hand, Brothers in Arms


You were on level 8 of the Dungeon.
You worshipped Trog.
Trog was extremely pleased with you.
You visited 1 branch of the dungeon, and saw 9 of its levels.
You also visited: Ossuary.

You collected 646 gold pieces.


Innate Abilities, Weirdness & Mutations

You can wield a second weapon in your off-hand.
It takes a long time for you to wield or remove held weapons.
Your first few attacks do less damage.
Your grasper-arms cannot wear rings.


   Skills:
 - Level 3.0 Fighting
 + Level 13.1 Axes
 + Level 10.9 Armour
 - Level 1.7 Dodging


You had 10 spell levels left.
You didn't know any spells.
Your spell library was empty.

Inventory:

Hand Weapons
 a - a +0 hand axe of protection {Carmen}
 j - a +1 hand axe of electrocution {Gilbert}
   (You found it on level 1 of the Dungeon)
 s - the +13 consecrated labrys (weapon) {holy, Valiant ^Fragile Fly SInv}
   (Trog gifted it to you on level 9 of the Dungeon)

   Valiant:   It becomes more powerful as more dangerous foes come into view.
   SInv:      It lets you see invisible.
   Fly:       It grants you flight.
   ^Fragile:  It will be destroyed if unequipped.
 w - a +0 war axe of freezing (offhand) {Agustín}
   (You took it off an orc warrior on level 8 of the Dungeon)
Armour
 b - a +0 animal skin
 k - a +0 pair of boots (worn)
   (You found it on level 1 of the Dungeon)
 x - a +0 plate armour (worn)
   (You took it off an orc warrior on level 8 of the Dungeon)
Wands
 e - a wand of warping (6) (quivered)
   (You found it on level 5 of the Dungeon)
 i - a wand of acid (4)
   (You found it on level 9 of the Dungeon)
Scrolls
 c - a scroll of noise
 g - 5 scrolls of teleportation
 o - 2 scrolls of enchant armour
 u - a scroll of poison
Potions
 d - 2 potions of enlightenment
 h - 7 potions of curing
 l - 3 potions of brilliance
 m - a potion of lignification {unknown}
 n - a potion of might
 p - a potion of cancellation
 q - 2 potions of attraction
 r - a potion of heal wounds
 t - a potion of magic

Dungeon Overview and Level Annotations

Branches:
Dungeon (9/15) Zot: 25993  Temple (0/1) D:6         Ossuary (visited)
   Lair: D:8-11         Orc: D:9-12

Altars:
Ashenzari
Gozag
Hepliaklqana
Qazlal
Uskayaw
Xom
Yredelemnul
The Shining One

Shops:
D:2 [([   D:3 (?[[:   D:4 :   D:5 :   D:7 :

Annotations:
D:6 2 transporters, zenocrate's ghost, novice MiHu

#.#...##.........######........
#.###................##........
###.............###........###...
..#####.........# #####.....#####
.........####...## ##.......##
.........# #....######..........
..†......## #.......[............
.......D..###....................
...........#....@# ###...........
...............D## #..........#
................# #........###
................# ##.......
...............######.......#
...............###..........#
...........................##
...........................#
.........##................#


You could see a ten-headed hydra (unable to see you).


Message History

You hit the wight but do no damage.
You hit the wight with your +0 war axe of freezing.
The wight hits you with a +0 great sword. 😕 HP[-3]
You take 3 damage, and now have 72/75 hp.
You closely miss the wight with your +0 war axe of freezing.
You slash the wight with the +4 consecrated labrys!
The wight convulses!
You destroy the wight!
Trog accepts your kill.
Unknown command.
No target in view!
Things that are here:
a +0 great sword; a +0 robe No target in view!
A wight comes into view. It is wielding a +2 scimitar. 😎 HP[+3]
Your hp is fully restored (75).
A wight is nearby!
You slash the wight with your +0 war axe of freezing!
You slash the wight with the +4 consecrated labrys!
You destroy the wight!
Trog accepts your kill.
Things that are here:
a +2 scimitar; a +0 robe Key pressed, stopping explore.
No target in view!
No target in view!
Done exploring.
Done exploring.
Done exploring.
No target in view!
Done exploring.
Things that are here:
a +2 scimitar; a +0 robe
Things that are here:
a +0 great sword; a +0 robe
There is an open door here.
There is an open door here.
There is an open door here.
There is an open door here.
There is an open door here.
There is an escape hatch in the floor here.
Search for what [Enter for "armor", or ? for help]? armor Search for what [Enter for "armor", or ? for help]? armor
There is an open door here.
There is an open door here.
There is an open door here.
There is an open door here.
There is an open door here.
There is a stone staircase leading up here.
You fly upwards.
The ten-headed hydra barely misses you.
The ten-headed hydra closely misses you.
The ten-headed hydra bites you.
The ten-headed hydra bites you but does no damage.
The ten-headed hydra barely misses you. The ten-headed hydra bites you!
The ten-headed hydra barely misses you.
The ten-headed hydra bites you but does no damage.
The ten-headed hydra completely misses you.
The ten-headed hydra bites you but does no damage. x2
The ten-headed hydra barely misses you. The ten-headed hydra bites you! x2
The ten-headed hydra closely misses you.
The ten-headed hydra bites you but does no damage.
The ten-headed hydra bites you!
The ten-headed hydra bites you but does no damage. x2
The ten-headed hydra barely misses you.
There is a stone staircase leading down, spattered with blood here. 😮 HP[-36]
You take 36 damage, and now have 39/75 hp.
MASSIVE DAMAGE!! (PAUSE)
Okay, then.
You feel much better. The ten-headed hydra bites you. x2
The ten-headed hydra bites you but does no damage.
The ten-headed hydra bites you! The ten-headed hydra bites you.
* * * LOW HITPOINT WARNING * * *
The ten-headed hydra closely misses you.
The ten-headed hydra bites you but does no damage.
The ten-headed hydra bites you.
* * * LOW HITPOINT WARNING * * *
The ten-headed hydra bites you!
* * * LOW HITPOINT WARNING * * *
The ten-headed hydra bites you but does no damage. 😨 HP[-18]
You take 18 damage, and now have 21/75 hp.
MASSIVE DAMAGE!! (PAUSE)
Okay, then.
You fade into invisibility!
The ten-headed hydra bites you!
* * * LOW HITPOINT WARNING * * *
The ten-headed hydra bites you.
* * * LOW HITPOINT WARNING * * *
The ten-headed hydra bites you but does no damage.
The ten-headed hydra closely misses you.
The ten-headed hydra bites you!
* * * LOW HITPOINT WARNING * * *
The ten-headed hydra bites you but does no damage.
The ten-headed hydra bites you.
* * * LOW HITPOINT WARNING * * *
The ten-headed hydra bites you!
You die...

Skill      XL: |  1  2  3  4  5  6  7  8  9 10 11 |
---------------+----------------------------------+-----
Armour         | 2 3 4 5 7 9 10 | 10.9
Axes           | 4 5 6 8 10 12 13 | 13.1
Fighting       | |  3.0
Dodging        | |  1.7

Action                     |  1- 3 |  4- 6 |  7- 9 | 10-12 || total
---------------------------+-------+-------+-------+-------++-------
  Melee: Hand axe          |    91 |   200 |   441 |    83 ||   815
         War axe           |       |       |    11 |    99 ||   110
         Labrys            |       |       |       |    17 ||    17
 Invoke: Berserk           |     1 |       |     2 |     1 ||     4
         Trog's Hand       |     1 |       |       |       ||     1
  Evoke: Wand              |       |       |     1 |       ||     1
    Use: Scroll            |       |     6 |     9 |     3 ||    18
         Potion            |       |     1 |     5 |     2 ||     8
 Armour: Animal skin       |    20 |       |       |       ||    20
         Scale mail        |    27 |    21 |       |       ||    48
         Chain mail        |       |    46 |   180 |       ||   226
         Plate armour      |       |       |    21 |   144 ||   165
  Dodge: Dodged            |    43 |    47 |   109 |    50 ||   249

Levels and vault maps discovered:
D:1:      evilmike_arrival_hilbert_curve, layout_basic, minmay_split_cup_large
D:2:      layout_loops_ring, serial_shops, shop, nicolae_shop_crystal,
          nicolae_shop_just_a_little_nook, serial_bayou, serial_bayou_shore_a,
          serial_bayou_lake_a, serial_bayou_shore_b, serial_bayou_shore_b,
          st_stairs_8, kennysheep_cross_room, uniq_crazy_yiuf_cottage
D:3:      layout_basic, lemuel_crystal_altar, serial_shops, shop,
          nicolae_shop_bloodbath_and_beyond, nicolae_lakefront_shop,
          nicolae_shop_tiny_real_fake_doors, nicolae_book_shop_shelving
D:4:      layout_basic, mainiacjoe_overflow_swirl, nicolae_shop_self_help
D:5:      layout_basic, evilmike_ruin_ashenzari, general_overflow_altar,
          serial_shops, nicolae_shop_tiny_glass
D:6:      layout_loops_ring, minmay_temple_entry_sparse_star,
          gammafunk_ghost_gnarly_gnolls, kennysheep_big_empty_room
D:7:      layout_basic, enter_ossuary_4, serial_shops, nicolae_shop_mannequins,
          kennysheep_generic_room_3
D:8:      minmay_cornered_nines, layout_layer_cave,
          nicolae_overflow_crystal_walls, grunt_lair_entry_orc_guard_hut
D:9:      layout_roguey, nicolae_overflow_hidden_temple, grunt_qazlal_clouds,
          minmay_misc_feat_tiny

Notes
Turn   | Place    | Note
-------+----------+-------------------------------------------
     0 | D:1      | ytrimaz the Coglin Berserker began the quest for the Orb.
     0 | D:1      | Reached XP level 1. HP: 18/18 MP: 1/1
     0 | D:1      | magus.rc [v1.9.6]
   102 | D:1      | Reached skill level 2 in Armour
   115 | D:1      | HP: 4/18 [kobold/+0 dagger (2)]
   129 | D:1      | Reached XP level 2. HP: 7/24 MP: 2/2
   351 | D:1      | Reached XP level 3. HP: 22/29 MP: 3/3
   654 | D:1      | Reached ** piety under Trog
   965 | D:2      | HP: 7/29 [gnoll/+0 spear (2)]
   972 | D:2      | Reached skill level 4 in Axes
   972 | D:2      | Reached skill level 3 in Armour
   972 | D:2      | Reached XP level 4. HP: 13/35 MP: 4/4
  1066 | D:2      | Found Weanoo Ariku's Antique Armour Shoppe.
  1579 | D:2      | Found Jimuz Xie's Armour Emporium.
  1584 | D:2      | Reached XP level 5. HP: 41/41 MP: 5/5
  1602 | D:2      | Found Bepsu's Weapon Shoppe.
  1980 | D:3      | Found Meme's Weapon Shop.
  2083 | D:3      | Found a hazy altar of Hepliaklqana.
  2225 | D:3      | Reached skill level 4 in Armour
  2284 | D:3      | Found Agiumypn's Antique Armour Shoppe.
  2296 | D:3      | Found Vohamn's Armour Shoppe.
  2313 | D:3      | Found Moxkoh's Magic Scroll Emporium.
  2376 | D:3      | Reached skill level 5 in Axes
  2677 | D:3      | Reached XP level 6. HP: 42/47 MP: 6/6
  2856 | D:3      | Found Ridun's Book Boutique.
  3054 | D:4      | Reached *** piety under Trog
  3083 | D:4      | Found Jerires's Self-Improvement Boutique.
  3287 | D:4      | Reached XP level 7. HP: 28/52 MP: 7/7
  3298 | D:4      | Reached skill level 5 in Armour
  3346 | D:4      | Reached skill level 6 in Axes
  3831 | D:4      | Found a basalt altar of Yredelemnul.
  3840 | D:4      | Found an opulent altar of Gozag.
  3927 | D:5      | Entered Level 5 of the Dungeon
  4239 | D:5      | Found a broken altar of Ashenzari.
  4604 | D:5      | Found a hide-covered altar of Uskayaw.
  4630 | D:5      | Reached **** piety under Trog
  4631 | D:5      | Reached XP level 8. HP: 38/58 MP: 8/8
  4711 | D:5      | Reached skill level 7 in Axes
  4711 | D:5      | Reached skill level 6 in Armour
  4888 | D:5      | Found Hyezaot's Book Shop.
  5375 | D:6      | Found a staircase to the Ecumenical Temple.
  5574 | D:6      | Reached skill level 8 in Axes
  5574 | D:6      | Reached skill level 7 in Armour
  5610 | D:6      | Found a transporter.
  5768 | D:6      | Reached XP level 9. HP: 63/63 MP: 9/9
  5992 | D:6      | Found a transporter.
  6030 | D:6      | Noticed zenocrate's ghost (novice MiHu)
  6330 | D:7      | Reached skill level 9 in Axes
  6330 | D:7      | Reached skill level 8 in Armour
  6365 | D:7      | Found a sand-covered staircase.
  6381 | Ossuary  | Entered an ossuary
  6617 | D:7      | Noticed a walking divine tome
  6622 | D:7      | Found Udeviga's Book Shop.
  6628 | D:7      | Noticed a walking earthen tome
  6850 | D:7      | Reached ***** piety under Trog
  7181 | D:8      | Found a shimmering altar of Xom.
  7632 | D:8      | Noticed an eight-headed hydra
  7634 | D:8      | Noticed a boulder beetle
  7636 | D:8      | Noticed a komodo dragon
  7751 | D:8      | HP: 13/63 [boulder beetle (6)]
  7759 | D:8      | Killed a boulder beetle
  7760 | D:8      | Reached skill level 10 in Axes
  7760 | D:8      | Reached skill level 9 in Armour
  7760 | D:8      | Reached XP level 10. HP: 56/70 MP: 10/10
  7876 | D:8      | Noticed an elephant
  7901 | D:8      | Killed an elephant
  8111 | D:9      | Identified a scroll of acquirement
  8111 | D:9      | Acquired a manual of Axes
  8268 | D:9      | Reached skill level 11 in Axes
  8395 | D:9      | Found a stormy altar of Qazlal.
  8411 | D:9      | Reached skill level 10 in Armour
  8512 | D:9      | Identified the +1 robe "Ihozxin" {^Drain rN++ Str+6}
  8598 | D:9      | Paralysed by a hornet for 3 turns
  8605 | D:9      | Received a gift from Trog
  8605 | D:9      | Found the +4 consecrated labrys {holy, Valiant ^Fragile Fly
                  | SInv}
  8606 | D:9      | Reached skill level 12 in Axes
  8787 | D:9      | Noticed a two-headed ogre
  8793 | D:9      | Killed a two-headed ogre
  8867 | D:9      | Found a glowing golden altar of the Shining One.
  8897 | D:9      | Reached XP level 11. HP: 72/74 MP: 11/11
  8899 | D:9      | Reached skill level 13 in Axes
  9088 | D:8      | HP: 14/75 [ten-headed hydra (7)]
  9088 | D:8      | HP: 3/75 [ten-headed hydra (8)]
  9088 | D:8      | HP: 1/75 [ten-headed hydra (2)]
  9088 | D:8      | Mangled by a ten-headed hydra

Vanquished Creatures
  A boulder beetle (D:8)
  A two-headed ogre (D:9)
  An elephant (D:8)
  A hornet (D:9)
  5 yaks (D:9)
  A wraith (D:9)
  A vampire mosquito (D:8)
  An acid dragon (D:9)
  A water moccasin (D:7)
  2 ice beasts
  A sky beast (D:7)
  2 orc warriors
  2 black bears (D:8)
  3 ogres
  A phantom (D:5)
  3 centaurs
  2 kobold brigands (D:9)
  3 bullfrogs
  2 scorpions
  10 wights
  2 electric eels (D:6)
  A howler monkey (D:9)
  4 bombardier beetles
  4 hounds
  6 jellies
  8 orc priests
  A gnoll bouda (D:6)
  5 iguanas
  9 orc wizards
  8 mummies (Ossuary)
  15 adders
  6 gnolls
  3 shadow imps (D:6)
  A white imp (D:6)
  2 ufetubi (D:6)
  2 ribbon worms (D:3)
  5 dart slugs
  34 orcs
  4 bats
  12 endoplasms
  3 giant cockroaches
  6 goblins
  6 hobgoblins
  2 quokkas
  10 ball pythons
  3 frilled lizards
  2 gnoll zombies (Ossuary)
  2 goblin zombies (D:7)
  A hobgoblin zombie (Ossuary)
  20 kobolds
  2 kobold zombies (Ossuary)
  3 orc zombies (Ossuary)
  6 rats
242 creatures vanquished.

Table legend:
 A = Non-vault XP
 B = Vault XP
 C = Vault XP percentage of total XP
 D = Non-vault monster count
 E = Vault monster count
 F = Vault count percentage of total count
                 A         B        C        D         E       F
            +---------+---------+-------+---------+---------+-------
      Total |    7566 |    2064 |  21.4 |     212 |      30 |  12.4
            +---------+---------+-------+---------+---------+-------
        D:1 |      42 |       5 |  10.6 |      24 |       4 |  14.3
        D:2 |     119 |       2 |   1.7 |      16 |       1 |   5.9
        D:3 |     195 |       0 |   0.0 |      24 |       0 |   0.0
        D:4 |     436 |       0 |   0.0 |      31 |       0 |   0.0
        D:5 |     761 |       0 |   0.0 |      23 |       0 |   0.0
        D:6 |    1088 |       0 |   0.0 |      27 |       0 |   0.0
        D:7 |     987 |       2 |   0.2 |      14 |       2 |  12.5
        D:8 |     348 |    1903 |  84.5 |      13 |       7 |  35.0
        D:9 |    3590 |       0 |   0.0 |      40 |       0 |   0.0
    Ossuary |       0 |     152 | 100.0 |       0 |      16 | 100.0
            +---------+---------+-------+---------+---------+-------

Skill      XL: |  1  2  3  4  5  6  7  8  9 10 11 |
---------------+----------------------------------+-----
Armour         | 2 3 4 5 7 9 10 | 10.9
Axes           | 4 5 6 8 10 12 13 | 13.1
Fighting       | |  3.0
Dodging        | |  1.7

Action                     |  1- 3 |  4- 6 |  7- 9 | 10-12 || total
---------------------------+-------+-------+-------+-------++-------
  Melee: Hand axe          |    91 |   200 |   441 |    83 ||   815
         War axe           |       |       |    11 |    99 ||   110
         Labrys            |       |       |       |    17 ||    17
 Invoke: Berserk           |     1 |       |     2 |     1 ||     4
         Trog's Hand       |     1 |       |       |       ||     1
  Evoke: Wand              |       |       |     1 |       ||     1
    Use: Scroll            |       |     6 |     9 |     3 ||    18
         Potion            |       |     1 |     5 |     2 ||     8
 Armour: Animal skin       |    20 |       |       |       ||    20
         Scale mail        |    27 |    21 |       |       ||    48
         Chain mail        |       |    46 |   180 |       ||   226
         Plate armour      |       |       |    21 |   144 ||   165
  Dodge: Dodged            |    43 |    47 |   109 |    50 ||   249

Illustrated notes

Table legend:
 A = Kills in this place as a percentage of kills in the entire game.
 B = Kills by you in this place as a percentage of kills by you in the entire game.
 C = Kills by friends in this place as a percentage of kills by friends in the entire game.
 D = Other kills in this place as a percentage of other kills in the entire game.
 E = Experience gained in this place as a percentage of experience gained in the entire game.
 F = Experience gained in this place divided by the number of levels of this place that you have seen.
                   A       B       C       D       E      F
               +-------+-------+-------+-------+-------+----------------------
         Total | 100.0 | 100.0 |   N/A |   N/A | 100.0 | 963.0
       Dungeon |  93.4 |  93.4 |   N/A |   N/A |  98.4 | 1053.1
       Ossuary |   6.6 |   6.6 |   N/A |   N/A |   1.6 | 152.0
               +-------+-------+-------+-------+-------+----------------------

Table legend: (Time is in decaauts)
 A = Elapsed time spent in this place.
 B = Non-inter-level travel time spent in this place.
 C = Inter-level travel time spent in this place.
 D = Time resting spent in this place.
 E = Time spent auto-exploring this place.
 F = Levels seen in this place.
 G = Mean time per level.
                   A        B        C        D        E       F      G
               +--------+--------+--------+--------+--------+-----+--------+
         Total |   9156 |   8824 |    332 |    414 |   6874 |  10 |  915.6 |
       Dungeon |   8989 |   8657 |    332 |    414 |   6775 |   9 |  998.8 |
       Ossuary |    166 |    166 |      0 |      0 |     99 |   1 |  166.0 |
               +--------+--------+--------+--------+--------+-----+--------+

Top non-repeatable levels by time:
     D:5: 1292 daAuts
     D:2: 1151 daAuts
     D:8: 1124 daAuts
     D:4: 1042 daAuts
     D:6: 1017 daAuts
     D:9: 1002 daAuts
     D:3: 960 daAuts
     D:1: 833 daAuts
     D:7: 565 daAuts
 Ossuary: 166 daAuts
